 Dungeon Crawl Stone Soup version bcrawl-1.28.1b (webtiles) character file.

Game seed: 14562308752485606697

539415 Morbidden the Thaumaturge (level 14, -3/86 HPs)
             Began as a Skeleton Sloth Apostle on Dec 16, 2020.
             Was the Champion of Cheibriados.
             Slain by Jorgrun
             ... wielding an uncursed staff of earth
              (14 damage)
             ... on level 12 of the Dungeon.
             The game lasted 00:42:29 (17548 turns).

Morbidden the Thaumaturge (Skeleton Sloth Apostle) Turns: 17548, Time: 00:42:30

Health: -3/86      AC: 19    Str: 37    XL:     14   Next: 63%
Magic:  0/29       EV: 13    Int: 37    God:    Cheibriados [******]
Gold:   1205       SH: 16    Dex: 29    Spells: 26/35 levels left

rFire    + + .     SeeInvis .   l - +4 morningstar (freeze)
rCold    + . .     Gourm    .   c - +1 medium shield
rNeg     + + +     Faith    .   E - +3 chain mail {rF+}
rPois    ∞         Spirit   +   F - +2 helmet {Int+3}
rElec    .         Reflect  .   j - scarf {repulsion}
rCorr    .         Harm     .   x - +0 pair of gloves {Str+3}
MR       ++...                  o - +0 pair of boots
Stlth    +++.......             (no amulet)
HPRegen  0.24/turn              t - ring of Goatzej {rF+ Int+3 Dex+6 Stlth+}
MPRegen  0.21/turn              M - ring of wizardry

@: grasped by roots, constricted, repel missiles, very slow
A: no food or potions, cold resistance 1, deterioration 1, negative energy
resistance 3, powered by death 1, torment resistance, unbreathing, magic shield,
sturdy frame 2, spell healing
a: Bend Time, Temporal Distortion, Slouch, Step From Time, Renounce Religion


You were on level 12 of the Dungeon.
You worshipped Cheibriados.
Cheibriados was exalted by your worship.
You were not hungry.

You visited 2 branches of the dungeon, and saw 18 of its levels.
You also visited: Sewer.

You collected 1407 gold pieces.
You spent 202 gold pieces at shops.

Inventory:

Hand Weapons
 a - a +3 hunting sling of flaming
 b - a +0 war axe
 e - a +7 blowgun
 l - a +4 morningstar of freezing (weapon)
Missiles
 p - 396 poisoned tomahawks (quivered)
 s - 2288 sling bullets
 C - 4 throwing nets {=f}
Armour
 c - a +1 medium shield (worn)
 j - a scarf of repulsion (worn)
 k - a +0 troll leather armour {Purgy}
 o - a +0 pair of boots (worn)
 x - a +0 pair of gloves of strength (worn)
 E - a +3 chain mail of fire resistance (worn)
 F - a +2 helmet of intelligence (worn)
Jewellery
 t - the ring of Goatzej (left hand) {rF+ Int+3 Dex+6 Stlth+}
   (You found it on level 1 of the Lair of Beasts)

   [ring of dexterity]

   It affects your intelligence (+3).
   It affects your dexterity (+6).
   It protects you from fire.
   It makes you more stealthy.
 u - the cursed ring of Discretion {Ice +Fly}
   (You took it off Fannar on level 3 of the Lair of Beasts)

   [ring of ice]

   It enhances your ice magic.
   It makes you vulnerable to fire.
   It protects you from cold.
   It lets you fly.
   It has a curse placed upon it.
 v - a +3 ring of protection
 H - the ring "Lopp" {Ice +Fly MR+ Str-5}
   (You found it on level 1 of the Lair of Beasts)

   [ring of ice]

   It enhances your ice magic.
   It affects your strength (-5).
   It makes you vulnerable to fire.
   It protects you from cold.
   It affects your resistance to hostile enchantments.
   It lets you fly.
 L - an uncursed ring of resist corrosion
 M - a ring of wizardry (right hand)
 N - an uncursed ring of insulation
Wands
 d - a wand of paralysis (23)
 n - a wand of random effects (26)
 q - a wand of digging (18)
 r - a wand of polymorph (38)
 y - a wand of flame (37)
 D - a wand of iceblast (11)
 O - a wand of acid (6)
Scrolls
 f - 2 scrolls of amnesia
 g - 12 scrolls of identify
 h - 11 scrolls of remove curse
 i - 2 scrolls of enchant armour
 m - 8 scrolls of teleportation
 w - 3 scrolls of fog
 z - 2 scrolls of silence
 A - 2 scrolls of immolation
 B - 6 scrolls of enchant weapon
 G - a scroll of fear
 I - a scroll of blinking
 K - a scroll of vulnerability {unknown}
Miscellaneous
 J - a lamp of fire


   Skills:
 * Level 9.4 Fighting
 * Level 9.1(10.5) Axes
 + Level 8.4(10.2) Maces & Flails
 + Level 10.0(10.2) Slings
 + Level 2.1(5.3) Throwing
 + Level 6.3 Armour
 * Level 7.9 Dodging
 + Level 4.7 Stealth
 + Level 8.2 Shields
 * Level 11.2 Spellcasting
 * Level 9.6 Conjurations
   Level 1.1 Hexes
 + Level 5.0 Charms
 * Level 8.1 Ice Magic
 * Level 8.1 Invocations
 + Level 1.2 Evocations


You had 26 spell levels left.
You knew the following spells:

 Your Spells              Type           Power        Failure   Level  Hunger
a - Throw Frost           Conj/Ice       ######       1%          2    N/A
b - Throw Icicle          Conj/Ice       ######..     2%          4    N/A
c - Ozocubu's Armour      Chrm/Ice       ######..     1%          3    N/A

Your spell library contained the following spells:

 Spells                   Type           Power        Failure   Level  Hunger
 Freeze                   Ice            ######       1%          1    N/A
 Shock                    Conj/Air       #####        1%          1    N/A
 Conjure Flame            Conj/Fire      ######..     4%          3    N/A
 Swiftness                Chrm/Air       #####...     6%          2    N/A
 Summon Ice Beast         Ice/Summ       ######..     19%         4    N/A
 Static Discharge         Air            ###.....     30%         3    N/A
 Lightning Bolt           Conj/Air       ######....   36%         5    N/A
 Metabolic Englaciation   Hex/Ice        ######....   38%         5    N/A
 Bolt of Cold             Conj/Ice       ######....   38%         6    N/A
 Ozocubu's Refrigeration  Ice            ######....   45%         6    N/A
 Airstrike                Air            ###.......   67%         4    N/A
 Summon Scorpions         Summ/Pois      ###.....     67%         4    N/A
 Orb of Destruction       Conj           #######...   82%         7    N/A
 Freezing Cloud           Ice/Air        ######....   95%         6    N/A
 Simulacrum               Ice/Necr       ######....   95%         6    N/A
 Ice Form                 Ice/Tmut       Unusable     N/A         4    N/A

Dungeon Overview and Level Annotations

Branches:
Dungeon (12/12)            Temple (0/1) D:6            Lair (6/6) D:7
  Swamp (0/3) Lair:2       Spider (0/3) Lair:3        Slime (0/5) Lair:6
    Orc (0/1) D:10         Vaults (0/3) D:11         Depths (0/5) D:12

Altars:
Gozag
Kikubaaqudgha
Qazlal
Ru
Trog
Xom
Yredelemnul
Jiyva

Shops:
D:9 ?

Annotations:
D:2 2 transporters
D:5 1 runed door
D:12 Azrael, Jorgrun
Lair:1 exclusion: 2 oklob plants


Innate Abilities, Weirdness & Mutations

You do not eat or drink.
You are immune to poison.
Your flesh is cold resistant. (rC+)
Your body sometimes deteriorates upon taking damage.
You are immune to negative energy. (rN+++)
You regenerate a little health from kills.
You are immune to unholy pain and torment.
You can survive without breathing.
When hurt, damage is shared between your health and your magic reserves.
Your movements are less encumbered by armour. (ER -4)
Casting spells heals you.


Message History

Unknown command.
Unknown command.
Wield which item (- for none, * to show all)? (? for menu, Esc to quit)
Okay, then.
Attempting to read a scroll while constricted might waste it - continue anyway? [Y]es or [N]o only, please.
Attempting to read a scroll while constricted might waste it - continue anyway? [Y]es or [N]o only, please.
Attempting to read a scroll while constricted might waste it - continue anyway? [Y]es or [N]o only, please.
Attempting to read a scroll while constricted might waste it - continue anyway?
Okay, then.
Unknown command.
You can't drink.
Unknown command.
Attempting to read a scroll while constricted might waste it - continue anyway?
As you read the scroll of fear, it crumbles to dust.
You assume a fearsome visage.
Jorgrun easily resists.
Jorgrun hits you but does no damage. Jorgrun crushes you!
You die...

##..#...#...............
#...'...#...............
#...#...#..........%....
#...#...#.......)8))....
#...#####........)...8..
#.=..............[).....
#...............P...8...
#.......g.........P..8P.
#......@............8?..
####................>...
#.............P..P...
#..........P.....8...
#.......†..8..8...8P.
#..........PPP...8...
#.######....88P.P..P. #.
....


You could see Jorgrun.

Vanquished Creatures
  Nessos (Lair:5)
  6 hydras
  Harold (D:8)
  A catoblepas (Lair:6)
  Fannar (Lair:3)
  3 centaur warriors
  An anaconda (Lair:4)
  3 two-headed ogres
  8 death yaks
  A deep troll shaman (Lair:6)
  A tengu warrior (D:12)
  Sonja (D:12)
  Nergalle (D:11)
  A skeletal warrior (D:11)
  A wizard (D:11)
  A flayed ghost (D:11)
  Pikel (D:5)
  A necromancer (D:11)
  An orc knight (D:11)
  A wolf spider zombie (D:9)
  3 ugly things
  A deep elf mage (D:11)
  A frost giant zombie (D:12)
  A manticore (D:11)
  4 elephants (Lair:6)
  A stone giant skeleton (D:12)
  3 centaur zombies
  6 black mambas
  4 centaur skeletons
  9 cane toads
  11 komodo dragons
  A spriggan zombie (D:12)
  A yaktaur (D:11)
  2 tengu conjurers
  6 trolls
  A hornet (D:11)
  2 polar bears
  Grinder (D:3)
  3 bog bodies (Lair:2)
  10 blink frogs
  6 hippogriffs
  6 dream sheep (Lair:6)
  36 yaks
  2 vampires (D:10)
  Eustachio (D:5)
  A basilisk (Lair:1)
  A hungry ghost (D:10)
  13 crocodiles
  A swamp worm (Lair:2)
  4 acid dragons
  8 water moccasins
  11 porcupines
  Duvessa (D:6)
  4 orc warriors
  An ice beast (D:5)
  Purgy (Sewer)
  An eye of draining (D:11)
  4 black bears
  4 phantoms
  3 sky beasts
  10 wolves
  6 ogres
  A necrophage (D:8)
  7 centaurs
  2 big kobolds
  16 bullfrogs
  Blork the orc (D:6)
  8 scorpions
  Dowan (D:6)
  A wyvern skeleton (D:7)
  A water moccasin skeleton (D:7)
  14 wights
  3 electric eels
  7 crimson imps
  A bullfrog zombie (D:8)
  8 orc priests
  5 hounds
  2 jellies
  2 bullfrog skeletons
  Ijyb (D:3)
  Jessica (D:3)
  3 iguanas
  11 worker ants
  12 orc wizards
  6 gnolls (D:3)
  A howler monkey skeleton (D:5)
  A worker ant zombie (D:6)
  8 adders
  3 shadow imps
  3 oozes
  6 worms
  2 dart slugs (D:2)
  7 leopard geckos
  67 orcs
  10 bats
  6 giant cockroaches
  4 goblins
  10 hobgoblins
  16 jackals
  4 quokkas
  5 frilled lizards
  2 jackal skeletons
  24 kobolds
  A quokka skeleton (D:6)
  8 rats
  2 fungi (Lair:3)
  3 plants (Lair:3)
  A withered plant (D:12)
540 creatures vanquished.

Vanquished Creatures (others)
  A hydra (Lair:5)
  A death yak (Lair:6)
  A spriggan zombie (D:12)
  Menkaure (D:5)
  A slave (D:5)
  A frilled lizard (D:5)
  4 fungi
  16 plants
26 creatures vanquished.

Grand Total: 566 creatures vanquished

Notes
Turn   | Place    | Note
-------+----------+-------------------------------------------
     0 | D:1      | Morbidden the Skeleton Sloth Apostle began the quest for
                  | the Orb.
     0 | D:1      | Reached XP level 1. HP: 12/12 MP: 3/3
    15 | D:1      | Reached skill level 1 in Evocations
   203 | D:1      | Reached XP level 2. HP: 17/17 MP: 4/4
   474 | D:1      | Reached skill level 2 in Spellcasting
   822 | D:1      | Reached XP level 3. HP: 22/22 MP: 4/6
   828 | D:2      | Reached * piety under Cheibriados
   995 | D:2      | Found an ancient bone altar of Kikubaaqudgha.
   995 | D:2      | Noticed a big kobold
   995 | D:2      | Noticed an ice beast
   996 | D:2      | Found a transporter.
   997 | D:2      | Noticed a scorpion
  1007 | D:2      | Found a transporter.
  1167 | D:2      | Reached skill level 1 in Armour
  1330 | D:2      | Reached XP level 4. HP: 21/27 MP: 8/8
  1395 | D:2      | Reached ** piety under Cheibriados
  1533 | D:3      | Reached skill level 1 in Invocations
  1557 | D:3      | Noticed Jessica
  1580 | D:3      | Killed Jessica
  1581 | D:3      | Reached skill level 3 in Spellcasting
  1629 | D:3      | Reached XP level 5. HP: 26/31 MP: 7/9
  1951 | D:3      | Reached *** piety under Cheibriados
  1965 | D:3      | Gained mutation: You regenerate a little health from kills.
                  | [Skeleton growth]
  1965 | D:3      | Reached XP level 6. HP: 19/36 MP: 7/10
  2052 | D:3      | Noticed Grinder
  2054 | D:3      | Paralysed by Grinder for 2 turns
  2058 | D:3      | Paralysed by Grinder for 3 turns
  2075 | D:3      | Killed Grinder
  2323 | D:3      | Noticed Ijyb
  2362 | D:3      | Killed Ijyb
  2363 | D:3      | Reached XP level 7. HP: 23/41 MP: 9/12
  2520 | D:4      | HP: 2/41 [crimson imp/flame tongue (3)]
  2530 | D:3      | HP: 2/41 [giant cockroach (1)]
  3038 | D:4      | Reached skill level 4 in Spellcasting
  3187 | D:4      | Found a sacrificial altar of Ru.
  3273 | D:4      | Reached skill level 1 in Slings
  3497 | D:4      | Reached skill level 5 in Maces & Flails
  3632 | D:5      | Entered Level 5 of the Dungeon
  3662 | D:5      | Reached **** piety under Cheibriados
  3677 | D:5      | Reached skill level 5 in Spellcasting
  3677 | D:5      | Reached XP level 8. HP: 46/47 MP: 15/15
  3788 | D:5      | Noticed Pikel
  3808 | D:5      | Killed Pikel
  3809 | D:5      | Reached skill level 5 in Shields
  3825 | D:5      | Found a glowing drain.
  3827 | D:5      | Killed Menkaure
  3861 | Sewer    | Entered a sewer
  3868 | Sewer    | Noticed Purgy
  3875 | Sewer    | Killed Purgy
  3876 | Sewer    | Reached skill level 6 in Spellcasting
  4041 | D:5      | Reached skill level 1 in Dodging
  4100 | D:5      | Noticed Eustachio
  4104 | D:5      | Killed Eustachio
  4105 | D:5      | Reached XP level 9. HP: 52/52 MP: 18/18
  4144 | D:5      | Found a runed door.
  4174 | D:5      | Reached ***** piety under Cheibriados
  4209 | D:5      | Learned a level 4 spell: Throw Icicle
  4452 | D:6      | Noticed Dowan
  4455 | D:6      | Noticed Duvessa
  4466 | D:6      | Killed Duvessa
  4467 | D:6      | Killed Dowan
  4522 | D:6      | Reached skill level 1 in Conjurations
  4644 | D:6      | Found an opulent altar of Gozag.
  4794 | D:6      | Found a staircase to the Ecumenical Temple.
  4884 | D:6      | Reached skill level 1 in Ice Magic
  4957 | D:6      | Noticed Blork the orc
  4965 | D:6      | Killed Blork the orc
  5285 | D:7      | Reached skill level 5 in Fighting
  5285 | D:7      | Reached skill level 5 in Slings
  5285 | D:7      | Reached skill level 7 in Spellcasting
  5596 | D:7      | Reached skill level 1 in Axes
  5702 | D:7      | Gained mutation: Your movements are less encumbered by
                  | armour. (ER -4) [Skeleton growth]
  5702 | D:7      | Reached XP level 10. HP: 59/59 MP: 19/21
  5705 | D:7      | Found a staircase to the Lair.
  5733 | D:7      | Reached skill level 1 in Throwing
  5816 | D:7      | Reached skill level 5 in Invocations
  6463 | D:7      | Reached ****** piety under Cheibriados
  6725 | D:8      | Found a shimmering altar of Xom.
  6967 | D:8      | Learned a level 2 spell: Throw Frost
  7020 | D:8      | Noticed Harold
  7035 | D:8      | Reached skill level 5 in Conjurations
  7036 | D:8      | Killed Harold
  7037 | D:8      | Reached skill level 8 in Spellcasting
  7037 | D:8      | Reached XP level 11. HP: 17/64 MP: 4/23
  7482 | D:9      | Noticed a two-headed ogre
  7487 | D:9      | Killed a two-headed ogre
  7499 | D:9      | Found a basalt altar of Yredelemnul.
  7502 | D:9      | Noticed a two-headed ogre
  7510 | D:9      | Killed a two-headed ogre
  7885 | D:9      | Found a stormy altar of Qazlal.
  8014 | D:9      | Found Qilauff's Magic Scroll Emporium.
  8017 | D:9      | Bought a scroll of teleportation for 45 gold pieces
  8017 | D:9      | Bought a scroll of enchant weapon for 112 gold pieces
  8017 | D:9      | Bought a scroll of teleportation for 45 gold pieces
  8022 | D:10     | Entered Level 10 of the Dungeon
  8176 | D:10     | Reached skill level 5 in Axes
  8232 | D:10     | Noticed a green ugly thing
  8243 | D:10     | Killed a green ugly thing
  8285 | D:10     | Noticed a two-headed ogre
  8295 | D:10     | Killed a two-headed ogre
  8296 | D:10     | Reached skill level 5 in Dodging
  8672 | D:10     | Found a staircase to the Orcish Mines.
  8881 | D:10     | Reached skill level 9 in Spellcasting
  9125 | Lair:1   | Entered Level 1 of the Lair of Beasts
  9328 | Lair:1   | Got a slimy golden ring
  9581 | Lair:1   | Noticed a four-headed hydra
  9589 | Lair:1   | Killed a four-headed hydra
  9590 | Lair:1   | Reached skill level 5 in Ice Magic
  9590 | Lair:1   | Reached XP level 12. HP: 72/72 MP: 12/25
  9642 | Lair:1   | Got a faintly glowing turquoise ring
  9647 | Lair:1   | Learned a level 3 spell: Ozocubu's Armour
  9977 | Lair:2   | Identified the ring of Goatzej {rF+ Int+3 Dex+6 Stlth+}
                  | (You found it on level 1 of the Lair of Beasts)
  9979 | Lair:2   | Identified the ring "Lopp" {Ice +Fly MR+ Str-5} (You found
                  | it on level 1 of the Lair of Beasts)
 10055 | Lair:2   | Reached skill level 5 in Armour
 10059 | Lair:2   | Reached skill level 1 in Charms
 10419 | Lair:2   | Found the +7 lajatang of Order {silver, rMut}
 10586 | Lair:2   | Found a staircase to the Swamp.
 11158 | Lair:3   | Got a shimmering trident
 11159 | Lair:3   | Identified the cursed +1 trident "Johar" {flame, Int+6
                  | Dex-5} (You found it on level 3 of the Lair of Beasts)
 11233 | Lair:3   | Got a scorched great sword
 11370 | Lair:3   | Identified the cursed +2 great sword of the Extremely Mad
                  | {slice, rElec} (You found it on level 3 of the Lair of
                  | Beasts)
 11416 | Lair:3   | Identified the cursed ring of Discretion {Ice +Fly}
 11416 | Lair:3   | Noticed Fannar
 11436 | Lair:3   | Killed Fannar
 11507 | Lair:3   | Found a hole to the Spider Nest.
 12234 | Lair:4   | Noticed an anaconda
 12243 | Lair:4   | Killed an anaconda
 12277 | Lair:4   | Noticed a four-headed hydra
 12286 | Lair:4   | Killed a four-headed hydra
 12358 | Lair:4   | Noticed a six-headed hydra
 12364 | Lair:4   | Killed a six-headed hydra
 12426 | Lair:4   | Noticed a five-headed hydra
 12430 | Lair:4   | Killed a five-headed hydra
 12431 | Lair:4   | Reached XP level 13. HP: 74/78 MP: 17/26
 13242 | Lair:5   | Noticed Nessos
 13260 | Lair:5   | Killed Nessos
 13261 | Lair:5   | Reached skill level 10 in Spellcasting
 14199 | Lair:6   | Entered Level 6 of the Lair of Beasts
 14346 | Lair:6   | Reached skill level 5 in Charms
 14783 | Lair:6   | Identified Sif Muna's Volume of Destructive Calling
 14929 | Lair:6   | Reached XP level 14. HP: 23/84 MP: 5/28
 15154 | Lair:6   | Found an opulent altar of Gozag.
 15395 | Lair:6   | Found a viscous altar of Jiyva.
 15396 | Lair:6   | Found a staircase to the Slime Pits.
 16091 | D:11     | Found a gate to the Vaults.
 16283 | D:11     | Reached skill level 11 in Spellcasting
 16401 | D:11     | Noticed Nergalle
 16408 | D:11     | Killed Nergalle
 16591 | D:11     | Found a bloodstained altar of Trog.
 16829 | D:12     | Entered Level 12 of the Dungeon
 16844 | D:12     | Reached skill level 10 in Slings
 16870 | D:12     | Noticed Azrael
 17021 | D:12     | Noticed Sonja
 17341 | D:12     | Killed Sonja
 17347 | D:12     | Found a staircase to the Depths.
 17487 | D:12     | Noticed Jorgrun
 17548 | D:12     | Slain by Jorgrun

Skill      XL: |  1  2  3  4  5  6  7  8  9 10 11 12 13 14 |
---------------+-------------------------------------------+-----
Evocations     | 1 |  1.2
Stealth        | 4 |  4.7
Spellcasting   | 2 3 5 6 7 8 9 10 11 | 11.2
Armour         | 1 2 3 4 5 6 |  6.3
Invocations    | 1 2 4 5 6 7 8 |  8.1
Maces & Flails | 3 4 5 6 8 |  8.4
Shields        | 3 4 6 7 8 |  8.2
Fighting       | 3 4 5 7 8 9 |  9.4
Slings         | 2 4 5 7 8 9 10 | 10.0
Dodging        | 1 3 4 5 6 7 |  7.9
Conjurations   | 2 5 6 7 8 9 |  9.6
Ice Magic      | 2 3 5 6 7 8 |  8.1
Axes           | 1 3 6 7 8 9 |  9.1
Throwing       | 1 2 |  2.1
Charms         | 3 5 |  5.0
Hexes          | |  1.1

Action                   |  1- 3 |  4- 6 |  7- 9 | 10-12 | 13-15 || total
-------------------------+-------+-------+-------+-------+-------++-------
Melee: Mace              |   220 |   157 |       |       |       ||   377
       Flail             |       |    36 |   186 |       |       ||   222
       War axe           |       |       |    33 |   203 |    50 ||   286
       Morningstar       |       |       |       |    78 |   306 ||   384
 Fire: Hunting sling     |       |       |   200 |   442 |   182 ||   824
Throw: Tomahawk          |       |     4 |    14 |    49 |    22 ||    89
 Cast: Throw Frost       |       |       |       |    87 |   106 ||   193
       Ozocubu's Armour  |       |       |       |     3 |    13 ||    16
       Throw Icicle      |       |       |       |       |    32 ||    32
Invok: Slouch            |       |       |       |     1 |       ||     1
Evoke: Wand              |       |     3 |       |     6 |     1 ||    10
  Use: Scroll            |       |       |     9 |    12 |     3 ||    24
 Stab: Paralysed         |       |     4 |       |       |       ||     4
       Sleeping          |       |       |     2 |     2 |       ||     4
       Confused          |       |       |       |       |     4 ||     4
Armor: Plate armour      |   192 |   179 |   210 |   260 |   115 ||   956
       Chain mail        |       |       |       |       |    68 ||    68
Dodge: Dodged            |    19 |    34 |    53 |   198 |   224 ||   528
       Deflected         |       |       |       |     1 |    17 ||    18
Block: Medium shield     |   123 |   166 |   241 |   450 |   402 ||  1382
